 Dungeon Crawl Stone Soup version 0.27-a0-909-g0721f309d1 (webtiles) character file.

Game seed: 10077482484330284168

110 spiderkeys the Sneak (level 4, 0/30 HPs)
             Began as an Octopode Brigand on Apr 9, 2021.
             Hit by a silver boomerang thrown by an orc (1 damage)
             ... on level 3 of the Dungeon.
             The game lasted 00:02:41 (2639 turns).

spiderkeys the Sneak (Octopode Brigand)             Turns: 2639, Time: 00:02:41

Health: 0/30       AC:  1    Str: 10    XL:     4   Next: 91%
Magic:  4/4        EV: 13    Int: 13    God:
Gold:   41         SH:  0    Dex: 14    Spells: 3/3 levels left

rFire    . . .     SeeInvis .   g - +2 dagger (venom)
rCold    . . .     Faith    .   (no shield)
rNeg     . . .     Spirit   .   (helmet restricted)
rPois    .         Reflect  .   (no amulet)
rElec    .         Harm     .   (no ring)
rCorr    .         Rampage  .   (no ring)
Will     .....                  (no ring)
Stlth    +++++.....             (no ring)
HPRegen  0.10/turn              (no ring)
MPRegen  0.09/turn              (no ring)
                                (no ring)
                                (no ring)

@: no status effects
A: almost no armour, amphibious, 8 rings, camouflage 1, gelatinous body 1,
(nimble swimmer 1), tentacles
a: no special abilities


You were on level 3 of the Dungeon.
You visited 1 branch of the dungeon, and saw 3 of its levels.

You collected 41 gold pieces.

Inventory:

Hand Weapons
 g - a +2 dagger of venom (weapon)
 p - a +0 rapier
Missiles
 b - 8 poisoned darts (quivered)
 c - 2 curare-tipped darts
 m - a throwing net
Wands
 n - a wand of acid (10)
Scrolls
 a - 2 scrolls of teleportation {unknown}
 f - 3 scrolls of identify {unknown}
 h - a scroll of torment {unknown}
 i - 3 scrolls of immolation {unknown}
 j - a scroll of amnesia {unknown}
Potions
 d - a potion of heal wounds
 e - a potion of degeneration {unknown}
 k - a potion of might {unknown}
 l - a potion of flight {unknown}
 o - a potion of lignification {unknown}


   Skills:
 + Level 2.4 Fighting
 + Level 2.6 Short Blades
 + Level 2.0 Throwing
 + Level 1.2 Dodging
 + Level 7.6 Stealth


You had 3 spell levels left.
You didn't know any spells.
Your spell library was empty.

Dungeon Overview and Level Annotations

Branches:
Dungeon (3/15)

Altars:
Vehumet


Innate Abilities, Weirdness & Mutations

You cannot wear most types of armour.
You are amphibious.
You can wear up to eight rings at the same time.
Your skin changes colour to match your surroundings (Stealth+).
Your rubbery body absorbs attacks. (AC +1, EV +1)
((You are camouflaged near water. (Stealth+)))
You have tentacles for arms and can constrict up to eight enemies at once.


Message History

The orc hits you with a +0 falchion.
You hit the orc.
You kill the orc!
The orc priest closely misses you. The orc hits you with a +0 whip.
Items here: ))) [ †.
You barely miss the orc priest. Your grab misses the orc priest.
Your squeeze misses the orc priest. The orc priest closely misses you.
The orc hits you with a +0 whip.
You hit the orc priest.
The orc priest is poisoned.
Your grab misses the orc priest. Your squeeze misses the orc priest.
The orc priest is moderately wounded.
The orc priest calls down the wrath of Beogh upon you.
Beogh smites you!
* * * LOW HITPOINT WARNING * * *
The orc hits you with a +0 whip.
* * * LOW HITPOINT WARNING * * *
You hear a shout!
It was a potion of heal wounds.
You feel much better.
The orc priest hits you with a +0 hand axe.
The orc hits you with a +0 whip.
An orc wizard comes into view. It is wielding a +0 dagger.
You hit the orc priest.
The orc priest looks as sick as possible!
You grab the orc priest. You squeeze the orc priest!
The orc priest is almost dead.
You constrict the orc priest.
You kill the orc priest!
The orc hits you with a +0 whip.
* * * LOW HITPOINT WARNING * * *
You closely miss the orc. Your grab misses the orc. The orc barely misses you.
You closely miss the orc. Your grab misses the orc.
The orc hits you with a +0 whip.
* * * LOW HITPOINT WARNING * * *
You hit the orc.
You kill the orc!
The orc throws a silver boomerang.
The silver boomerang closely misses you.
The orc throws a silver boomerang.
The silver boomerang hits you.
* * * LOW HITPOINT WARNING * * *
You die...

# #.##.# #.##.##.# .#
#.......### .? ####......#
###.### #.####.##..o....
#.####o#....# #.....)).>..#
### ##.######.####.#....# #..
..........####@####.# #.#
##.#####.......# ..# #.#
#.####### .# #.# #.# #...#
#.. ..#####.## #...# ###
#.......# #...# ###
#.###...########...########..
#.###.#.##...............##..
.............................


You could see an orc.

Vanquished Creatures
  An orc priest (D:3)
  Ijyb (D:2)
  A dart slug (D:3)
  4 orcs (D:3)
  3 ball pythons
  An endoplasm (D:1)
  A giant cockroach (D:2)
  11 goblins
  3 hobgoblins
  4 jackals (D:1)
  A quokka (D:1)
  4 bats
  4 frilled lizards
  4 kobolds
  4 rats
47 creatures vanquished.

Notes
Turn   | Place    | Note
-------+----------+-------------------------------------------
     0 | D:1      | spiderkeys the Octopode Brigand began the quest for the
                  | Orb.
     0 | D:1      | Reached XP level 1. HP: 14/14 MP: 1/1
   336 | D:1      | Reached XP level 2. HP: 19/19 MP: 2/2
  1024 | D:1      | Reached skill level 6 in Stealth
  1127 | D:1      | Reached XP level 3. HP: 24/24 MP: 3/3
  1585 | D:2      | Found a radiant altar of Vehumet.
  1885 | D:2      | Noticed Ijyb
  2033 | D:2      | Killed Ijyb
  2034 | D:2      | Reached skill level 7 in Stealth
  2034 | D:2      | Reached XP level 4. HP: 8/29 MP: 4/4
  2632 | D:3      | HP: 1/30 [orc/+0 whip (5)]
  2639 | D:3      | HP: 1/30 [orc/silver boomerang (3)]
  2639 | D:3      | Hit by a silver boomerang thrown by an orc

Illustrated notes

Levels and vault maps discovered:
D:1:      dpeg_arrival_houses_and_road, layout_loops_corners
D:2:      kennysheep_the_goblin_king, layout_loops_ring, basic_altar,
          chequers_serial_rivers_marsh, kennysheep_generic_room_4
D:3:      minmay_goblin_kobold_castle, layout_loops_cross,
          shapermc_ecumenical_altar_venn

Skill      XL: |  1  2  3 |
---------------+----------+-----
Stealth        | 6 7 |  7.6
Fighting       | |  2.4
Short Blades   | |  2.6
Throwing       | |  2.0
Dodging        | |  1.2

Action                   |  1- 3 |  4- 6 || total
-------------------------+-------+-------++-------
Melee: Dagger            |    60 |    18 ||    78
       Constrict         |    11 |     4 ||    15
       Tentacles         |    11 |     3 ||    14
  Use: Potion            |       |     1 ||     1
 Stab: Sleeping          |    19 |     1 ||    20
       Distracted        |     1 |       ||     1
Armor: Skin              |     2 |       ||     2
Dodge: Dodged            |    19 |    10 ||    29

Table legend: (Time is in decaauts)
 A = Elapsed time spent in this place.
 B = Non-inter-level travel time spent in this place.
 C = Inter-level travel time spent in this place.
 D = Time resting spent in this place.
 E = Time spent auto-exploring this place.
 F = Levels seen in this place.
 G = Mean time per level.
                   A        B        C        D        E       F      G
               +--------+--------+--------+--------+--------+-----+--------+
         Total |   2628 |   2573 |     55 |    293 |   1971 |   3 |  876.0 |
       Dungeon |   2628 |   2573 |     55 |    293 |   1971 |   3 |  876.0 |
               +--------+--------+--------+--------+--------+-----+--------+

Top non-repeatable levels by time:
     D:1: 1269 daAuts
     D:2: 1010 daAuts
     D:3: 348 daAuts
